 Dungeon Crawl Stone Soup version 0.31-a0-150-g89dc3ad700 (webtiles) character file.

Game seed: 7049426015731963990

219 qw the Shooter (level 5, -1/46 HPs)
             Began as a Minotaur Hunter on June 8, 2023.
             Slain by a cerulean imp
             ... wielding a +1 spear
             ... summoned by Natasha
              (5 damage)
             ... on level 3 of the Dungeon.
             The game lasted 00:00:52 (2468 turns).

qw the Shooter (Minotaur Hunter)                    Turns: 2468, Time: 00:00:52

Health: -1/46      AC:  7    Str: 15    XL:     5   Next: 64%
Magic:  4/4        EV: 11    Int:  6    God:
Gold:   136        SH:  0    Dex: 16    Spells: 4/4 levels left

rFire   . . .        Y - +0 shortbow (freeze)
rCold   . . .        (shield currently unavailable)
rNeg    . . .        e - +0 ring mail
rPois   .            (helmet restricted)
rElec   .            (no cloak)
rCorr   .            c - +0 pair of gloves
SInv    +            l - +0 pair of boots
Will    .....        (no amulet)
Stlth   +            g - ring of see invisible
HPRegen 0.27/turn    (no ring)
MPRegen 0.09/turn

%: no passive effects
@: no status effects
A: horns 2, retaliatory headbutt
a: no special abilities


You were on level 3 of the Dungeon.
You visited 1 branch of the dungeon, and saw 3 of its levels.

You collected 136 gold pieces.


Innate Abilities, Weirdness & Mutations

You have a pair of horns on your head.
You reflexively headbutt those who attack you in melee.


   Skills:
 - Level 4.1 Fighting
 + Level 6.9 Ranged Weapons
 - Level 1.0 Armour
 - Level 2.1 Dodging
 - Level 0.7 Stealth


You had 4 spell levels left.
You didn't know any spells.
Your spell library was empty.

Inventory:

Hand Weapons
 Y - a +0 shortbow of freezing (weapon)
Armour
 c - a +0 pair of gloves (worn)
 e - a +0 ring mail (worn)
 l - a +0 pair of boots (worn)
Jewellery
 g - a ring of see invisible (left hand)
Wands
 d - a wand of digging (4)
Scrolls
 a - 2 scrolls of identify
 b - a scroll of vulnerability {unknown}
 f - a scroll of fog {unknown}
 j - 2 scrolls of teleportation
 m - 2 scrolls of torment {unknown}
 n - 2 scrolls of enchant weapon {unknown}
Potions
 h - a potion of might
 i - a potion of mutation {unknown}
 k - a potion of curing {unknown}

Dungeon Overview and Level Annotations

Branches:
Dungeon (3/15)

Altars:

Shops:
D:1 (

Annotations:
D:3 Natasha


Message History

Natasha claws you but does no damage.
The cerulean imp hits you from afar with a +0 spear.
Natasha claws you. The cerulean imp barely misses you. x2
You shoot an arrow. The arrow barely misses Natasha.
Natasha closely misses you.
The cerulean imp hits you but does no damage.
The cerulean imp hits you from afar with a +1 spear.
You shoot an arrow. The arrow hits Natasha!
The arrow freezes Natasha.
Natasha is severely wounded.
The cerulean imp disappears in a puff of smoke!
Natasha claws you. The cerulean imp barely misses you.
Natasha claws you but does no damage.
The cerulean imp hits you from afar with a +1 spear.
You shoot an arrow. The arrow barely misses Natasha.
Natasha claws you.
The cerulean imp hits you from afar with a +1 spear.
Natasha mumbles some strange words.
The cerulean imp hits you from afar with a +1 spear.
You shoot an arrow. The arrow closely misses Natasha.
Natasha mumbles some strange words.
Natasha glows brightly for a moment.
Natasha mumbles some strange words.
The cerulean imp closely misses you.
The cerulean imp hits you with a +2 spear.
You shoot an arrow. The arrow barely misses Natasha.
The arrow closely misses the cerulean imp.
Natasha completely misses you. You furiously retaliate!
You headbutt Natasha.
The cerulean imp hits you from afar with a +1 spear.
The cerulean imp hits you with a +2 spear.
Natasha claws you but does no damage. The cerulean imp barely misses you.
The cerulean imp hits you with a +2 spear.
You shoot an arrow.
The arrow hits Natasha but does no damage.
Natasha is severely wounded.
You feel yourself speed up.
The cerulean imp hits you from afar with a +1 spear.
Natasha claws you.
The cerulean imp hits you with a +2 spear.
The cerulean imp hits you from afar with a +1 spear.
You die...

..... ... .5.
... #h# #r# #.#
####.#####
#...5h@..#
#...55.#.#
######......# #
#.........#.#.#
.....#..#......
#.#.###...#.#.#
# ##.#..#.#.#.#
#.###...#.#.#.#
#.............#
##########


You could see Natasha and 3 cerulean imps.

Vanquished Creatures
  A phantom (D:3)
  Natasha (D:3)
  3 gnolls (D:3)
  3 adders
  2 worms
  3 dart slugs
  An orc (D:3)
  6 endoplasms
  2 giant cockroaches
  3 goblins
  5 hobgoblins
  2 jackals (D:3)
  A quokka (D:2)
  2 ball pythons
  2 bats
  7 frilled lizards
  12 kobolds
  5 rats
61 creatures vanquished.

Notes
Turn   | Place    | Note
-------+----------+-------------------------------------------
     0 | D:1      | qw the Minotaur Hunter began the quest for the Orb.
     0 | D:1      | Reached XP level 1. HP: 18/18 MP: 0/0
     0 | D:1      | 0 ||| qw: Version: 0.2-a-119-g7aa9181
     0 | D:1      | 0 ||| qw: Game counter: 2839
     0 | D:1      | 0 ||| qw: Always use a shield: true
     0 | D:1      | 0 ||| qw: God list: Okawaru
     0 | D:1      | 0 ||| qw: Allow faded altars: false
     0 | D:1      | 0 ||| qw: Do Orc after D:15 true
     0 | D:1      | 0 ||| qw: Do second Lair branch before Depths: true
     0 | D:1      | 0 ||| qw: Lair rune preference: random
     0 | D:1      | 0 ||| qw: Plans: Normal
     0 | D:1      | 0 ||| PLANNING D:1-11
    99 | D:1      | 99 ||| Stepping ~*~*~tactically~*~*~ (outnumbered).
   101 | D:1      | 101 ||| Stepping ~*~*~tactically~*~*~ (outnumbered).
   114 | D:1      | Reached XP level 2. HP: 23/25 MP: 1/1
   222 | D:1      | Reached skill level 5 in Ranged Weapons
   838 | D:1      | Reached skill level 3 in Fighting
   855 | D:1      | Found Awnoug's Antique Weapon Emporium.
   861 | D:1      | 861 ||| SHOPLISTING glowing orcbow (182 gold, have 40).
   930 | D:1      | 930 ||| UPGRADING to +0 ring mail.
   940 | D:1      | 940 ||| DROPPING +0 leather armour.
   941 | D:1      | 941 ||| READING 4 scrolls labelled QEEMYDDEEXT.
   942 | D:1      | 942 ||| READING scroll labelled QUXTU TOOGGER.
   946 | D:1      | 946 ||| DRINKING 2 bubbling brown potions.
  1051 | D:1      | 1051 ||| READING 3 scrolls of identify.
  1051 | D:1      | 1051 ||| IDENTIFYING clear potion
  1052 | D:1      | 1052 ||| READING 2 scrolls of identify.
  1052 | D:1      | 1052 ||| IDENTIFYING sapphire potion
  1053 | D:1      | 1053 ||| DROPPING scroll of butterflies.
  1054 | D:1      | 1054 ||| DROPPING potion of brilliance.
  1055 | D:1      | 1055 ||| DROPPING potion of berserk rage.
  1094 | D:2      | Reached skill level 1 in Armour
  1171 | D:2      | Reached XP level 3. HP: 26/31 MP: 2/2
  1257 | D:2      | 1257 ||| Stepping ~*~*~tactically~*~*~ (outnumbered).
  1259 | D:2      | 1259 ||| Stepping ~*~*~tactically~*~*~ (outnumbered).
  1261 | D:2      | 1261 ||| Stepping ~*~*~tactically~*~*~ (outnumbered).
  1263 | D:2      | 1263 ||| Stepping ~*~*~tactically~*~*~ (outnumbered).
  1585 | D:2      | 1585 ||| UPGRADING to +0 pair of gloves.
  1590 | D:2      | 1590 ||| UPGRADING to +0 pair of boots.
  1595 | D:2      | 1595 ||| UPGRADING to ring of see invisible.
  1596 | D:2      | 1596 ||| READING scroll labelled CEG VEVOPT.
  1597 | D:2      | 1597 ||| READING scroll labelled ONEIRA DIDIOMOERI.
  1598 | D:2      | 1598 ||| READING scroll labelled UBOUXZ JEGOEFF.
  1699 | D:2      | 1699 ||| READING 2 scrolls of identify.
  1699 | D:2      | 1699 ||| IDENTIFYING fuming golden potion
  1700 | D:2      | 1700 ||| DROPPING potion of enlightenment.
  1733 | D:3      | Noticed a phantom
  1738 | D:3      | Killed a phantom
  1739 | D:3      | Reached skill level 6 in Ranged Weapons
  1739 | D:3      | Reached XP level 4. HP: 31/38 MP: 3/3
  1814 | D:3      | Noticed Natasha
  1817 | D:3      | Killed Natasha
  1818 | D:3      | Reached XP level 5. HP: 43/45 MP: 4/4
  2452 | D:3      | Noticed Natasha
  2457 | D:3      | 2457 ||| Stepping ~*~*~tactically~*~*~ (outnumbered).
  2458 | D:3      | 2458 ||| Stepping ~*~*~tactically~*~*~ (outnumbered).
  2468 | D:3      | HP: 6/46 [Natasha (6)]
  2468 | D:3      | Slain by a cerulean imp

Levels and vault maps discovered:
D:1:      psy_arrival_radial02, layout_loops_corners, serial_shops, shop
D:2:      layout_rooms, lexackson_kobold_supper
D:3:      layout_loops_corners, minmay_randomly_rotated_circles, uniq_natasha

Skill      XL: |  1  2  3  4  5 |
---------------+----------------+-----
Ranged Weapons | 5 6 |  6.9
Fighting       | 3 4 |  4.1
Armour         | 1 |  1.0
Dodging        | |  2.1
Stealth        | |  0.7

Action                     |  1- 3 |  4- 6 || total
---------------------------+-------+-------++-------
   Fire: Shortbow          |   108 |    72 ||   180
    Use: Scroll            |     8 |       ||     8
         Potion            |     1 |       ||     1
 Armour: Leather armour    |     6 |       ||     6
         Ring mail         |     9 |    15 ||    24
  Dodge: Dodged            |    30 |    20 ||    50

Table legend:
 A = Non-vault XP
 B = Vault XP
 C = Vault XP percentage of total XP
 D = Non-vault monster count
 E = Vault monster count
 F = Vault count percentage of total count
                 A         B        C        D         E       F
            +---------+---------+-------+---------+---------+-------
      Total |     261 |      53 |  16.9 |      46 |      15 |  24.6
            +---------+---------+-------+---------+---------+-------
        D:1 |      29 |       0 |   0.0 |      16 |       0 |   0.0
        D:2 |      38 |       9 |  19.1 |      13 |       8 |  38.1
        D:3 |     194 |      44 |  18.5 |      17 |       7 |  29.2
            +---------+---------+-------+---------+---------+-------
